AoeStats
← JP

MegaRandom

508774923Analyzed
3v3 RM · 10d ago on Sep 24, 2026· 19m 36s· 6 players
Game mode
Random Map
Map size
Normal (6 player)
Population
200
Speed
Normal
Resources
Standard
Victory
Conquest
Starting age
Dark Age
Ending age
Imperial Age
RankedLock teamsTeams togetherTeam positionsShared explorationLock speedFull tech treeHidden civsTurbo modeCheats
Victory
Defeat
🇧🇷 Armenians · Brazil
866
+16
🇧🇷 Franks · Brazil
822
+18
🇧🇷 Mongols · Brazil
769
+21
🇨🇱 Khmer · Chile
890
-19
🇲🇽 Bohemians · Mexico
857
-18
🇲🇽 Persians · Mexico
857
-18
gitPushOriginMaster
12:06 Feudal Age
13:42 Loom
18:09 Castle Age
16:51 Stone Mining
16:48 Double-Bit Axe
19:14 Bow Saw
20:27 Stone Shaft Mining
PrimisBingus
10:51 Feudal Age
11:40 Double-Bit Axe
BobbyTarantino
4:18 Loom
11:16 Feudal Age
11:57 Double-Bit Axe
13:22 Wheelbarrow
13:19 Town Watch
LaBoka69
5:44 Loom
9:59 Feudal Age
10:59 Double-Bit Axe
10:45 Man-at-Arms
13:10 Long Swordsman
14:30 Arson
17:45 Wheelbarrow
19:39 Forging
dudu
9:48 Feudal Age
8:04 Loom
14:39 Double-Bit Axe
19:17 Castle Age
JP
5:45 Loom
10:38 Feudal Age
11:05 Horse Collar
11:12 Double-Bit Axe
13:37 Town Watch
17:01 Fishing Lines
18:05 Wheelbarrow
19:25 Bloodlines
Connection lost

Rejoining the realm…

Still unreachable

The connection could not be restored.

Session expired

The server has moved on; the page needs a fresh start.